 Dungeon Crawl Stone Soup version 0.30-a0-374-g95c0257040 (webtiles) character file.

Game seed: 13244620184330454745

5387 NinjaNoafa the Marksspriggan (level 10, -7/41 HPs)
             Began as a Spriggan Hunter on Nov 26, 2022.
             Was a Follower of Hepliaklqana.
             Mangled by an orc warrior
             ... wielding a +0 broad axe
              (13 damage)
             ... in a bailey.
             The game lasted 00:20:48 (7855 turns).

NinjaNoafa the Marksspriggan (Spriggan Hunter)      Turns: 7855, Time: 00:20:48

Health: -7/41      AC:  3    Str:  7    XL:     10   Next: 39%
Magic:  0/11       EV: 22    Int: 11    God:    Hepliaklqana [*.....]
Gold:   1610       SH:  8    Dex: 23    Spells: 9/9 levels left

rFire   + . .      SeeInvis +    x - +0 arbalest
rCold   . . .      Faith    .    (shield currently unavailable)
rNeg    . . .      Spirit   +    C - +0 robe {rF+}
rPois   .          Reflect  .    (helmet restricted)
rElec   .          Harm     .    s - +0 cloak
rCorr   .          Rampage  .    (gloves unavailable)
Will    +....                    (boots unavailable)
Stlth   ++........               p - brooch of Shielding {Spirit SH+8}
HPRegen 0.26/turn                n - +4 ring of evasion
MPRegen 0.12/turn                (no ring)

@: mighty, brilliant, silenced, marked, very quick
A: reduced essence, very small, no large weapons, unfitting armour, see
invisible, speed 3
a: Renounce Religion


You were in a bailey.
You worshipped Hepliaklqana.
Hepliaklqana was aware of your devotion.
You visited 2 branches of the dungeon, and saw 9 of its levels.
You also visited: Bailey.

You collected 1727 gold pieces.
You spent 117 gold pieces at shops.

Inventory:

Hand Weapons
 x - a +0 arbalest (weapon)
Missiles
 h - 42 stones
 i - 14 poisoned darts
 v - 16 boomerangs
Armour
 s - a +0 cloak (worn)
 C - a +0 robe of fire resistance (worn)
Jewellery
 n - a +4 ring of evasion (left hand)
 p - the brooch of Shielding (around neck) {Spirit SH+8}
   (You found it on level 2 of the Dungeon)

   [amulet of guardian spirit]

   It causes incoming damage to be divided between your reserves of health and
   magic.
   SH:        It affects your SH (+8).
Wands
 y - a wand of digging (4)
 E - a wand of roots (21)
Scrolls
 b - a scroll of summoning {unknown}
 f - a scroll of enchant weapon {unknown}
 g - a scroll of silence
 j - 2 scrolls of vulnerability {unknown}
 k - a scroll of enchant armour {unknown}
 q - a scroll of immolation
 u - a scroll of torment {unknown}
 w - a scroll of poison {unknown}
 z - 3 scrolls of noise
 A - 2 scrolls of magic mapping {unknown}
 D - a scroll of blinking {unknown}
Potions
 a - 2 potions of magic
 c - 2 potions of curing
 d - 4 potions of flight
 m - a potion of might
 o - 3 potions of mutation
 B - 4 potions of attraction


   Skills:
 - Level 1.5 Fighting
 + Level 15.6 Ranged Weapons
 - Level 3.0 Dodging
 - Level 3.0 Stealth


You had 9 spell levels left.
You didn't know any spells.
Your spell library was empty.

Dungeon Overview and Level Annotations

Branches:
Dungeon (8/15)             Temple (1/1) D:6            Lair (0/5) D:8
 Bailey (1/1)

Altars:
Ashenzari
Cheibriados
Dithmenos
Elyvilon
Fedhas
Gozag
Hepliaklqana
Kikubaaqudgha
Makhleb
Okawaru
Qazlal
Ru
Sif Muna
Trog
Uskayaw
Wu Jian
Xom
Yredelemnul
The Shining One

Shops:
D:4 (


Innate Abilities, Weirdness & Mutations

Your life essence is reduced to manifest your ancestor. (-10% HP)
You are very small and have problems with some larger weapons.
You are too small for most types of armour.
You have supernaturally acute eyesight. (SInv)
You cover ground extremely quickly. (Speed+++)


Message History

The orc warrior is almost dead.
The orc warrior completely misses you.
You shoot a bolt.
The bolt closely misses the orc warrior.
The orc warrior completely misses you.
The orc warrior unwields a +2 sling of freezing.
The orc warrior wields a +0 war axe.
The orc warrior completely misses you.
Okay, then.
As you read the scroll labelled CYDGHO SOBAGHYE, it crumbles to dust.
A profound silence engulfs you.
It was a scroll of silence.
The orc warrior misses you. The orc warrior completely misses you.
Magic scrolls do not work when you're silenced!
Unknown command.
It was a potion of brilliance.
You feel clever all of a sudden. The orc misses you.
The orc warrior completely misses you. The orc warrior misses you.
You feel very mighty all of a sudden. The orc hits you but does no damage.
The orc warrior barely misses you. The orc warrior misses you.
You shoot a bolt. The bolt hits the orc warrior!!
The orc warrior is almost dead.
You block the orc's attack. The orc warrior barely misses you.
The orc warrior misses you.
You shoot a bolt.
The bolt completely misses the orc warrior.
You block the orc's attack. The orc warrior misses you.
The orc warrior completely misses you. The orc warrior closely misses you.
You shoot a bolt. The bolt barely misses the orc warrior.
You block the orc warrior's attack. The orc warrior misses you.
The orc warrior hits you with a +0 broad axe!
You shoot a bolt. The bolt barely misses the orc warrior.
You block the orc warrior's attack.
The orc warrior hits you with a +0 broad axe!
* * * LOW HITPOINT WARNING * * *
The orc warrior barely misses you.
You shoot a bolt. The bolt barely misses the orc warrior.
The orc warrior completely misses you.
The orc warrior hits you with a +0 broad axe!
You die...

#.............####
##≈≈≈≈≈≈≈≈≈........###
##≈≈≈≈≈≈≈≈≈≈≈≈≈≈.......##
#≈≈≈≈#########≈≈≈≈≈......##
≈≈≈≈K#...!gog#∩≈≈≈≈≈≈~....##
≈≈##
#.......####)≈≈†≈≈≈≈≈≈≈# ..#
###'####.o#..†..≈≈≈≈≈≈≈≈ ###
..)))go###......##### #
###go@.#.....### #
#.o###.......## #
#..#....).....# ######
##'#.........##
.††..#########...........##
............)|........####
#########.#############
..#..R.##.# ##...#R..##


You could see 3 orc warriors, a gnoll, an orc and a goblin.

Vanquished Creatures
  Pikel (D:8)
  An orc knight (Bailey)
  2 wyverns
  2 yaks (D:8)
  A basilisk (D:8)
  4 water moccasins
  A hornet zombie (D:6)
  4 orc warriors
  A sky beast (D:6)
  2 ice beasts (D:6)
  A centaur (D:7)
  3 phantoms (D:6)
  2 bullfrogs (D:7)
  A necrophage (D:5)
  3 scorpions
  A wyvern skeleton (D:6)
  A water moccasin skeleton (D:6)
  5 wights (D:8)
  14 killer bees
  2 howler monkeys
  2 bullfrog zombies (D:6)
  4 hounds
  A jelly (D:7)
  4 orc priests
  2 centaur skeletons (D:6)
  6 iguanas
  Ijyb (D:4)
  5 orc wizards
  3 gnolls
  7 adders
  2 shadow imps
  2 white imps (D:5)
  2 ufetubi (D:5)
  2 dart slugs
  19 orcs
  6 endoplasms
  5 giant cockroaches
  16 goblins
  10 hobgoblins
  6 jackals
  18 kobolds
  3 quokkas
  6 ball pythons
  5 bats
  5 frilled lizards
  4 rats
198 creatures vanquished.

Vanquished Creatures (collateral kills)
  2 orcs
  2 kobolds (Bailey)
4 creatures vanquished.

Vanquished Creatures (others)
  5 ancestors
  A kobold (D:4)
  A bush (D:8)
  12 fungi
  20 plants (D:8)
  A withered plant (D:6)
40 creatures vanquished.

Grand Total: 242 creatures vanquished

Notes
Turn   | Place    | Note
-------+----------+-------------------------------------------
     0 | D:1      | NinjaNoafa the Spriggan Hunter began the quest for the Orb.
     0 | D:1      | Reached XP level 1. HP: 10/10 MP: 2/2
   196 | D:1      | Reached XP level 2. HP: 14/14 MP: 3/3
   379 | D:1      | Reached XP level 3. HP: 18/18 MP: 4/4
   954 | D:2      | Reached skill level 5 in Ranged Weapons
  1024 | D:2      | Reached XP level 4. HP: 22/22 MP: 5/5
  1236 | D:2      | Identified the +6 hand axe "Dylon" {vorpal, rF+ Str+4}
  1289 | D:2      | Found a faded altar of an unknown god.
  1365 | D:2      | Found the brooch of Shielding {Spirit SH+8}
  1808 | D:3      | Identified the +2 robe "Forget-Me-Not" {Str+2 Int+2 Dex-3}
  1885 | D:3      | Found a bloodstained altar of Trog.
  2034 | D:3      | Reached skill level 6 in Ranged Weapons
  2113 | D:3      | Reached XP level 5. HP: 19/25 MP: 6/6
  2232 | D:3      | Found an ancient bone altar of Kikubaaqudgha.
  2320 | D:3      | Found an iron altar of Okawaru.
  2529 | D:4      | Noticed Ijyb
  2725 | D:5      | Entered Level 5 of the Dungeon
  2860 | D:4      | Found Lutocun's Antique Weapon Shoppe.
  2864 | D:4      | Bought an arbalest for 117 gold pieces
  2924 | D:4      | Reached skill level 7 in Ranged Weapons
  2924 | D:4      | Reached XP level 6. HP: 30/30 MP: 7/7
  3314 | D:4      | Killed Ijyb
  3463 | D:5      | Reached skill level 8 in Ranged Weapons
  3494 | D:5      | Reached XP level 7. HP: 33/33 MP: 8/8
  3812 | D:5      | Reached skill level 9 in Ranged Weapons
  4023 | D:5      | Found a shimmering altar of Xom.
  4023 | D:5      | Found a shimmering altar of Xom.
  4026 | D:5      | Found a shimmering altar of Xom.
  4026 | D:5      | Found a shimmering altar of Xom.
  4027 | D:5      | Found a shimmering altar of Xom.
  4031 | D:5      | Found a shimmering altar of Xom.
  4031 | D:5      | Found a shimmering altar of Xom.
  4317 | D:6      | Found a staircase to the Ecumenical Temple.
  4323 | Temple   | Entered the Ecumenical Temple
  4630 | Temple   | Became a worshipper of Hepliaklqana the Forgotten
  4769 | D:6      | Noticed a wyvern
  4870 | D:6      | Reached skill level 10 in Ranged Weapons
  4870 | D:6      | Reached XP level 8. HP: 34/37 MP: 9/9
  5010 | D:6      | Reached skill level 11 in Ranged Weapons
  5454 | D:6      | Reached skill level 12 in Ranged Weapons
  5855 | D:6      | Reached XP level 9. HP: 26/41 MP: 6/10
  6511 | D:7      | Reached skill level 13 in Ranged Weapons
  7014 | D:8      | Reached * piety under Hepliaklqana
  7021 | D:8      | Reached skill level 14 in Ranged Weapons
  7066 | D:8      | Found a sacrificial altar of Ru.
  7327 | D:8      | Reached XP level 10. HP: 28/41 MP: 8/11
  7426 | D:8      | Noticed Pikel
  7438 | D:8      | Killed Pikel
  7439 | D:8      | Reached skill level 15 in Ranged Weapons
  7628 | D:8      | Found a staircase to the Lair.
  7646 | D:8      | Found a flagged portal.
  7657 | Bailey   | Entered a bailey
  7702 | Bailey   | Noticed an orc knight
  7729 | Bailey   | Killed an orc knight
  7855 | Bailey   | Mangled by an orc warrior

Illustrated notes

Levels and vault maps discovered:
D:1:      elethiomel_arrival_maze, layout_basic
D:2:      layout_basic, dreamdust_ecumenical_altar_hidden_monk_grotto
D:3:      layout_rooms, marbit_many_paths, overflow_temple_1_default,
          kennysheep_okawaru_gauntlet, minmay_strange_pillars
D:4:      layout_basic, serial_shops, shop, uniq_ijyb
D:5:      layout_rooms, nicolae_xom_altar_mimics, st_stairs_1
D:6:      layout_loops_cross, minmay_temple_entry_fiery, serial_undead,
          serial_undead_c, serial_undead_e, serial_undead_a, serial_undead_e,
          serial_undead_d, dreamdust_gnoll_farm
D:7:      layout_loops_ring
D:8:      layout_rooms, mainiacjoe_overflow_24_doors, minmay_lair_entry_grove,
          enter_bailey_6, gammafunk_ghost_necromancy, uniq_pikel
Temple:   dpeg_chambers_temple
Bailey:   bailey_axe_4, bailey

Skill      XL: |  1  2  3  4  5  6  7  8  9 10 |
---------------+-------------------------------+-----
Stealth        | 3 |  3.0
Dodging        | 3 |  3.0
Ranged Weapons | 5 6 7 8 10 12 14 15 | 15.6
Fighting       | |  1.5

Action                   |  1- 3 |  4- 6 |  7- 9 | 10-12 || total
-------------------------+-------+-------+-------+-------++-------
 Fire: Shortbow          |    83 |   147 |       |       ||   230
       Arbalest          |       |    53 |   272 |   103 ||   428
Throw: Dart              |       |    10 |       |       ||    10
       Boomerang         |       |       |     6 |       ||     6
Invok: Recall Ancestor   |       |       |     1 |       ||     1
       Ancestor Identity |       |       |     1 |       ||     1
Evoke: Wand              |       |       |     2 |       ||     2
  Use: Scroll            |       |     1 |     7 |     2 ||    10
       Potion            |       |       |     3 |     5 ||     8
Armor: Robe              |     2 |     6 |    11 |     2 ||    21
Dodge: Dodged            |    20 |    65 |   162 |    52 ||   299
Block: Other             |       |    27 |    66 |    16 ||   109

Table legend: (Time is in decaauts)
 A = Elapsed time spent in this place.
 B = Non-inter-level travel time spent in this place.
 C = Inter-level travel time spent in this place.
 D = Time resting spent in this place.
 E = Time spent auto-exploring this place.
 F = Levels seen in this place.
 G = Mean time per level.
                   A        B        C        D        E       F      G
               +--------+--------+--------+--------+--------+-----+--------+
         Total |   5715 |   5259 |    456 |    199 |   3342 |  10 |  571.5 |
       Dungeon |   5348 |   4940 |    408 |    199 |   3120 |   8 |  668.5 |
        Temple |    201 |    154 |     47 |      0 |    139 |   1 |  201.0 |
        Bailey |    165 |    165 |      0 |      0 |     82 |   1 |  165.0 |
               +--------+--------+--------+--------+--------+-----+--------+

Top non-repeatable levels by time:
     D:6: 998 daAuts
     D:4: 834 daAuts
     D:7: 702 daAuts
     D:2: 688 daAuts
     D:5: 599 daAuts
     D:3: 533 daAuts
     D:1: 503 daAuts
     D:8: 488 daAuts
  Temple: 201 daAuts
  Bailey: 165 daAuts
